Map: 아몬의 낫

Players

Brother

  • Race: Terran Terran

버러지

  • Race: Terran Terran
  • Spawn Location: 5:00

VOD

Have the link to the VOD?

Description

Time

  • Played on: Feb. 23, 2019, 9:08 a.m.
  • Length: 21:00
Show
View Real Time Build Order
Export as new Build Order

Brother Terran 

Build Orders:  

Get SALT Encoding   

  12  0:03  SCV  
  13  0:20  SCV  
  14  0:32  Refinery  
  14  0:37  SCV  
  14  0:39  Refinery  
  15  0:54  SCV  
  16  1:11  SCV  
  16  1:15  Fixers Safehouse  
  17  1:28  SCV  
  18  1:45  SCV  
  19  2:02  SCV  
  20  2:19  SCV  
  21  2:27  Command Center  
  21  2:36  SCV  
  22  3:01  Tychus  
  22  3:11  SCV  
  23  3:24  Engineering Bay  
  23  3:28  SCV  
  24  3:30  Engineering Bay  
  24  3:45  SCV  
  25  3:58  Lt Layna Nikara  
  35  4:27  Flashforce GDM Visor  
  35  4:28  Big Red Button  
  35  4:31  SCV  
  35  4:37  SCV  
  37  4:53  SCV  
  37  4:54  SCV  
  39  5:10  SCV  
  39  5:11  SCV  
  41  6:02  SCV  
  41  6:04  ITC-E Triggers  
  41  6:05  Endurance Supplements  
  41  6:06  SCV  
  43  6:17  Gunslingers Hideout  
  43  6:20  Muscle Armory  
  43  6:48  Kel-Morian Ripper Rounds  
  43  6:58  SCV  
  44  7:00  SCV  
  45  7:15  SCV  
  45  7:17  SCV  
  47  7:32  SCV  
  47  7:34  SCV  
  49  8:49  Outlaw Life and Armor Level 1, Outlaw Weapons Level 1  
  49  9:24  Command Center  
  49  9:26  SCV  
  49  9:27  SCV  
  51  9:43  SCV x2  
  51  9:44  Refinery  
  53  9:50  Refinery  
  53  10:00  SCV x2  
  55  10:17  SCV x2  
  57  10:34  SCV x2  
  59  10:47  KD9a Implosion Core  
  59  10:49  Vanadium Shell  
  59  10:51  SCV x2  
  59  10:53  Outlaw Life and Armor Level 2, Outlaw Weapons Level 2  
  61  12:20  Medivac Platform  
  61  12:24  SureShot Networked Helmet  
  61  12:25  Medivac Platform  
  61  12:29  Medivac Platform  
  61  12:51  Umojan Repair Nanites  
  61  14:01  Outlaw Weapons Level 3, Outlaw Life and Armor Level 3  
  61  14:04  Crooked Sam  
  71  15:53  LarsCorp G7 Charges, Procyon Shade Suit  
  71  15:58  Procyon Serum, Procyon Twin Heal Beam Gauntlet  
  71  16:57  XM-77 Matrix Generator  
  71  18:44  Enhanced Hostilities Kit, Moebius Restraint Matrix  
Show
View Real Time Build Order
Export as new Build Order

버러지 Terran 

Build Orders:  

Get SALT Encoding   

  12  0:05  SCV  
  13  0:22  SCV  
  14  0:36  Barracks  
  14  0:39  SCV  
  15  0:50  Supply Depot  
  15  0:56  SCV  
  16  1:13  Orbital Command  
  16  1:17  Marine  
  16  1:27  Marine  
  18  1:49  SCV  
  19  2:06  SCV  
  20  2:12  Command Center  
  20  2:19  Refinery  
  20  2:23  SCV  
  20  2:27  Marine  
  22  2:37  Supply Depot, Marine  
  22  2:40  SCV  
  24  2:52  Marine  
  24  2:54  Refinery  
  24  2:57  SCV  
  26  3:14  SCV  
  26  3:15  Barracks Tech Lab  
  27  3:23  Barracks  
  27  3:31  SCV  
  28  3:41  Stabilizer Medpacks  
  28  3:48  SCV  
  29  3:54  Orbital Command  
  29  3:56  Marine  
  29  3:58  Medic  
  30  4:06  Marine  
  30  4:09  Unknown  
  33  4:10  SCV  
  34  4:28  Engineering Bay  
  34  4:31  Engineering Bay  
  34  4:38  SCV, Medic  
  34  4:39  SCV  
  36  4:41  Marine  
  39  4:55  Supply Depot  
  39  5:04  Marauder, Marine  
  42  5:17  SCV  
  42  5:18  Terran Infantry Armor Level 1, Terran Infantry Weapons Level 1  
  43  5:20  Marine  
  43  5:23  Medic  
  46  5:41  SCV  
  47  5:51  Factory  
  47  5:58  Concussive Shells  
  47  6:01  Marauder, Marine  
  47  6:06  SCV  
  47  6:07  SCV  
  52  6:19  Command Center  
  52  6:34  Supply Depot  
  52  6:50  Barracks  
  52  6:51  Barracks  
  52  6:54  Armory  
  52  7:15  Barracks Tech Lab  
  52  7:19  SCV x2  
  54  7:27  Vulture, Replenishable Magazine  
  54  7:39  SCV  
  57  7:40  SCV  
  58  7:51  Command Center  
  58  8:00  Terran Infantry Weapons Level 2, Terran Infantry Armor Level 2  
  58  8:03  SCV x2  
  60  8:11  Orbital Command  
  60  8:27  Cerberus Mines  
  60  8:33  SCV x2  
  60  8:35  Vulture, Barracks Tech Lab  
  64  8:41  Marine  
  64  8:42  Marine  
  64  8:43  Marauder  
  64  8:45  Vulture  
  70  9:02  Vulture  
  70  9:03  SCV x2  
  70  9:04  SCV  
  70  9:06  Afterburners  
  70  9:09  Supply Depot  
  75  9:28  Command Center  
  75  9:32  Orbital Command  
  75  9:45  Barracks Reactor  
  75  9:49  Factory Reactor  
  75  10:02  Barracks  
  75  10:05  Barracks  
  75  10:07  SCV x3  
  75  10:08  SCV  
  79  10:16  Medic x2  
  79  10:17  Marauder  
  83  10:24  SCV  
  84  10:42  Vulture x2  
  88  10:54  Medic x2  
  88  10:56  Marine x2  
  88  10:57  Command Center  
  94  11:03  Barracks Reactor x2  
  94  11:05  Marauder  
  94  11:08  Vulture x2  
  97  11:21  Orbital Command  
  97  11:25  Marine x3, SCV  
  101  11:39  Marine x4  
  101  11:41  Medic  
  105  11:50  Refinery  
  105  12:03  Command Center  
  105  12:04  Terran Infantry Weapons Level 3  
  105  12:10  Terran Infantry Armor Level 3  
  105  12:29  Marine  
  105  12:30  Marine x4  
  105  12:31  Marine, Medic x2  
  115  12:43  Orbital Command  
  115  13:03  Barracks  
  115  13:07  Barracks  
  115  13:08  Marine x2  
  115  13:13  Command Center  
  115  13:14  Marine  
  118  13:48  Orbital Command  
  118  13:49  Command Center, Marine  
  115  13:53  Marine x3  
  115  13:54  Marine x2  
  115  13:55  Marauder, Medic  
  119  14:01  Marine x2  
  119  14:03  Marine x2  
  121  14:21  Marine x5  
  121  14:24  Command Center  
  124  14:35  Marine x4  
  124  14:36  Marine x2  
  124  14:38  Marauder, Medic x2  
  130  14:48  Marauder  
  137  15:12  Orbital Command  
  135  15:23  Marine x4  
  135  15:24  Marine x4  
  135  15:25  Medic  
  145  15:31  Starport  
  145  15:32  Starport  
  145  15:35  Marauder  
  147  15:40  Orbital Command  
  147  15:55  Command Center  
  147  15:56  Command Center  
  147  16:15  Marine x4  
  147  16:16  Marine x2  
  147  16:18  Marauder  
  147  16:19  Marauder x2  
  159  16:30  Medic, Orbital Command  
  159  16:31  Medic x2  
  169  16:46  Starport Tech Lab, Starport Reactor  
  165  16:51  Advanced Optics  
  165  17:18  Refinery  
  165  17:19  Viking  
  165  17:25  Phobos Weapons System  
  167  17:37  Viking  
  167  17:41  Viking  
  167  17:42  Viking  
  172  18:09  Viking x3  
  178  18:25  Ripwave Missiles  
  178  18:28  Viking  
  180  18:41  Viking x2  
  180  18:46  Viking  
  186  19:00  Viking x2  
  186  19:05  Viking  
  192  19:19  Viking x2  
  191  19:37  Viking  
  193  19:40  Viking  
  193  19:41  Viking  
  127  20:07  Marine x2  
  127  20:09  Marine x3  
  116  20:10  Marine, Medic  
  116  20:11  Medic x2  
  123  20:21  Medic x2  
  123  20:23  Marine x2  
  123  20:24  Marine x5  
  134  20:30  Barracks Reactor x2  
  134  20:31  Marine x2  
  134  20:33  Marine x2  
  134  20:34  Marine x3, Medic  
  134  20:35  Marine  
  144  20:41  Marine, Medic  
  144  20:43  Marine  
  144  20:44  Marine x3  
Tags
 
Add a new tag
Caveats
  • Supply blocks, unpowered buildings, or Contaminate may cause inaccurate times.
  • Supply counts are checked every 10 seconds.